 Dungeon Crawl Stone Soup version 0.28.0 (webtiles) character file.

Game seed: 8208372883910527699

213 psuckher the Sneak (level 5, 0/53 HPs)
             Began as a Troll Delver on Feb 16, 2022.
             Slain by a bullfrog (6 damage)
             ... on level 5 of the Dungeon.
             The game lasted 00:02:13 (317 turns).

psuckher the Sneak (Troll Delver)                    Turns: 317, Time: 00:02:14

Health: 0/53       AC:  6    Str: 22    XL:     5   Next: 59%
Magic:  4/4        EV: 10    Int:  6    God:
Gold:   24         SH:  0    Dex: 11    Spells: 4/4 levels left

rFire   . . .      SeeInvis .     - Unarmed
rCold   . . .      Faith    .   (no shield)
rNeg    . . .      Spirit   .   a - +0 robe
rPois   .          Reflect  .   (helmet restricted)
rElec   .          Harm     .   k - +1 cloak
rCorr   .          Rampage  .   (gloves unavailable)
Will    .....                   (boots unavailable)
Stlth   ++........              (no amulet)
HPRegen 0.97/turn               (no ring)
MPRegen 0.09/turn               (no ring)

@: flying
A: large, unfitting armour, claws 3, regeneration 1, shaggy fur 1, tough skin 1
a: no special abilities


You were on level 5 of the Dungeon.
You visited 1 branch of the dungeon, and saw 1 of its levels.

You collected 24 gold pieces.

Inventory:

Armour
 a - a +0 robe (worn)
 h - a +2 scale mail of poison resistance
 k - a +1 cloak (worn)
Wands
 f - a wand of digging (3)
 i - a wand of polymorph (6)
Scrolls
 b - a scroll of fog
 c - a scroll of magic mapping
 g - 2 scrolls of identify {unknown}
Potions
 e - a potion of haste


   Skills:
 + Level 3.0 Fighting
 + Level 2.0 Dodging
 + Level 4.0 Stealth
 + Level 2.8 Unarmed Combat


You had 4 spell levels left.
You didn't know any spells.
Your spell library contained the following spells:

 Spells                   Type           Power      Damage    Failure   Level
 Animate Skeleton         Necr           0%         N/A       45%         1
 Pain                     Necr           0%         1d4       45%         1
 Vampiric Draining        Necr           0%         2d6       83%         3


Dungeon Overview and Level Annotations

Branches:
Dungeon (5/15)
 Temple: D:4-7

Altars:


Innate Abilities, Weirdness & Mutations

You are too large for most types of armour.
You have claws for hands.
Your natural rate of healing is unusually fast.
You are covered in fur. (AC +1)
You have tough skin. (AC +1)


Message History

You're too confused to move!
Something hits you.
You bump into the rock wall.
You feel less confused. Something hits you.
* * * LOW HITPOINT WARNING * * *
You miss something.
The orc priest casts a cantrip, but nothing happens.
You hear some strange, mumbled words.
A puff of flame appears from out of thin air!
The puff of flame hits you!
* * * LOW HITPOINT WARNING * * *
You closely miss something.
The orc priest calls down the wrath of Beogh upon you.
Beogh smites you!
* * * LOW HITPOINT WARNING * * *
Something hits you but does no damage.
It was a potion of flight.
You feel very buoyant.
You fly up into the air.
Something hits you but does no damage.
As you read the scroll of fear, it crumbles to dust.
You assume a fearsome visage.
The orc priest looks frightened!
The orc looks frightened! x2
Aiming: Polymorph
Press: ? - help, Shift-Dir - straight line A bullfrog appears out of thin air!
Reactivating autopickup.
The bullfrog closely misses you.
You scratch the bullfrog.
The bullfrog is moderately wounded.
The bullfrog closely misses you.
The bullfrog hits you but does no damage.
You closely miss the bullfrog.
The bullfrog is moderately wounded.
The bullfrog closely misses you.
You claw the bullfrog!
The bullfrog is almost dead.
The bullfrog hits you.
* * * LOW HITPOINT WARNING * * *
The bullfrog hits you.
You die...

#..##### #.......
##.#####
#####.#####
########....>....#
#..........#.###..
#.######...#......
#.# #..#...##..
#@# #....†..# #F#
#.##...## #)#
#.###.## #.# #.#
#.# ... #.. ...
#.# ### #+## ..#
.## .


You could see a bullfrog.

Vanquished Creatures
  Duvessa (D:5)
  Dowan (D:5)
  An orc priest (D:5)
  An iguana (D:5)
  2 orcs (D:5)
6 creatures vanquished.

Notes
Turn   | Place    | Note
-------+----------+-------------------------------------------
     0 | D:5      | psuckher the Troll Delver began the quest for the Orb.
     0 | D:5      | Reached XP level 1. HP: 22/22 MP: 0/0
    35 | D:5      | Noticed Dowan
    36 | D:5      | Noticed Duvessa
    55 | D:5      | Killed Duvessa
    56 | D:5      | Reached skill level 3 in Stealth
    56 | D:5      | Reached XP level 2. HP: 19/29 MP: 1/1
    56 | D:5      | Reached XP level 3. HP: 23/36 MP: 2/2
    56 | D:5      | Reached XP level 4. HP: 28/44 MP: 3/3
    63 | D:5      | Killed Dowan
    64 | D:5      | Reached XP level 5. HP: 40/52 MP: 4/4
   270 | D:5      | Reached skill level 4 in Stealth
   309 | D:5      | HP: 1/53 [orc priest/divine providence (9)]
   317 | D:5      | Slain by a bullfrog

Illustrated notes

Levels and vault maps discovered:
D:5:      layout_loops_corners, small_statue_intersection, uniq_duvessa

Skill      XL: |  1  2  3  4  5 |
---------------+----------------+-----
Stealth        | 3 4 |  4.0
Fighting       | 3 |  3.0
Dodging        | 2 |  2.0
Unarmed Combat | |  2.8

Action                   |  1- 3 |  4- 6 || total
-------------------------+-------+-------++-------
Melee: Unarmed           |    13 |    35 ||    48
Evoke: Wand              |       |     1 ||     1
  Use: Scroll            |       |     1 ||     1
       Potion            |       |     1 ||     1
Armor: Skin              |     4 |       ||     4
       Robe              |       |    10 ||    10
Dodge: Dodged            |     8 |    11 ||    19
